 Dungeon Crawl Stone Soup version 0.11-a0-2975-gc3b9901 (console) character file.

3325349 clouded the Miracle Worker (level 27, 235/235 HPs)
             Began as a Demigod Skald on July 24, 2012.
             Escaped with the Orb
             ... and 7 runes on July 26, 2012!
             The game lasted 09:53:10 (135043 turns).

clouded the Miracle Worker (Demigod Skald)        Turns: 135043, Time: 09:53:10

HP 235/235       AC 36     Str 26      XL: 27
MP  39/40        EV 22     Int 33      God:
Gold 3964        SH 35     Dex 21      Spells: 10 memorised, 10 levels left

Res.Fire  : + + .   See Invis. : .   b - +5 elf scimitar (holy)
Res.Cold  : + . .   Warding    : .   h - +13 chain mail of Throoxen {rF+ Acc+3}
Life Prot.: . . .   Conserve   : +   k - +3 dwarf shield
Res.Poison: .       Res.Corr.  : +   o - +2 hat of the Alchemist {rElec rF+ rC+ MR}
Res.Elec. : +       Clarity    : +   S - +2 cloak {rCorr, Cons}
Sust.Abil.: . .     Spirit.Shd : .   R - +2 pair of gauntlets
Res.Mut.  : .       Stasis     : .   t - +2 pair of boots "Wokaz" {Str+1 Dex+3 Int+ Res.Rott. : . Ctrl.Telep.: x O - amulet of clarity Saprovore : . . . Levitation : . P - +0,+7 ring of slaying Ctrl.Flight: . C - ring "Shroer Exyta" {EV+4 Str+3 Int+2 Dam+

@: studying Dodging, slightly contaminated, hasted, glowing, very quick,
extremely resistant to hostile enchantments, extremely unstealthy
A: berserk 2, blurry vision 3, deterioration 1, screaming 1, Int -1, Dex -1
a: no special abilities
}: 7/15 runes: decaying, serpentine, slimy, silver, iron, obsidian, bone


You escaped.
You were not hungry.

You visited 15 branches of the dungeon, and saw 100 of its levels.
You visited 1 bazaars.
You also visited: Labyrinth and Sewer.

You collected 8341 gold pieces.
You spent 4397 gold pieces at shops.


   Skills:
 - Level 16.4 Fighting
 - Level 15.9 Long Blades
 - Level 5.6 Polearms
 - Level 12.1 Armour
 - Level 13.3 Dodging
 - Level 15.0 Shields
 - Level 4.9 Traps & Doors
 - Level 2.0 Unarmed Combat
 - Level 8.3 Spellcasting
 - Level 18.6 Hexes
 O Level 27 Charms
 + Level 22.5 Necromancy
 - Level 6.7 Translocations
 - Level 3.0 Fire Magic
 - Level 7.5 Air Magic
 - Level 11.4 Evocations


You had 10 spell levels left.
You knew the following spells:

 Your Spells              Type           Power        Failure   Level  Hunger
g - Regeneration          Chrm/Necr      #########.   0%          3    None
i - Flight                Chrm/Air       ########..   1%          3    None
o - Repel Missiles        Chrm/Air       ########..   1%          2    None
p - Apportation           Tloc           #######...   1%          1    None
s - Swiftness             Chrm/Air       ########..   1%          2    None
z - Animate Skeleton      Necr           N/A          0%          1    None
A - Haste                 Chrm           #########    1%          6    #####..
B - Blink                 Tloc           N/A          1%          2    None
S - Silence               Hex/Air        ########..   2%          5    ###....
Y - Borgnjor's Revivific  Necr           #########.   1%          7    #######


Dungeon Overview and Level Annotations

Branches:
Dungeon (27/27)            Temple (1/1) D:5             Orc (4/4) D:11
    Elf (4/4) Orc:3          Lair (8/8) D:11          Swamp (5/5) Lair:3
  Snake (5/5) Lair:6        Slime (6/6) Lair:8       Vaults (8/8) D:15
  Blade (0/1) Vaults:4      Crypt (5/5) Vaults:2       Tomb (0/3) Crypt:3
    Dis (7/7) Hell            Geh (7/7) Hell            Coc (0/7) Hell
    Tar (7/7) Hell            Zot (5/5) D:27

Shops:
D:11: [ D:17: = D:18: = Orc:4: /*!% Elf:1: * Elf:2: ( Snake:2: ![ Vaults:1: [ Vaults:2: * Vaults:3: % Vaults:5: ! Vaults:8: !

Portals:
Hell: D:21 D:22 D:23 D:24 D:25 D:27
Abyss: D:25 D:26
Pandemonium: D:24

Annotations
D:2 Crazy Yiuf
D:4 Eustachio
D:5 Grinder
D:14 exclusion: Roxanne, Roxanne
D:15 Aizul
D:18 Rupert
D:19 exclusion: downstairs
D:26 4 exclusions
D:27 exclusion: deep troll
Vaults:3 Nikola
Vaults:4 exclusion: door, Frederick
Crypt:1 exclusion: curse skull
Crypt:2 exclusion: curse skull
Dis:7 Dispater
Zot:4 exclusion: door


Innate Abilities, Weirdness & Mutations

You often lose your temper in combat.
Your vision is extremely blurry.
You are clumsy (Dex -1).
Your body is slowly deteriorating.
You are dopey (Int -1).
You occasionally shout uncontrollably.

Inventory:

Hand weapons
 a - a +7,+7 demon blade of freezing
 b - a +5,+5 elven scimitar of holy wrath (weapon)
Missiles
 F - 23 stones (quivered)
Armour
 h - the cursed +13 chain mail of Throoxen (worn) {rF+ Acc+3}
   (You found it on level 2 of the Lair of Beasts)

   It affects your accuracy (+3).
   It protects you from fire.
   It has a curse placed upon it.
 k - a +3 dwarven shield (worn)
 o - the +2 hat of the Alchemist (worn) {rElec rF+ rC+ MR}
   (You bought it in a shop in a bazaar)

   It protects you from fire.
   It protects you from cold.
   It insulates you from electricity.
   It increases your resistance to enchantments.
 t - the +2 pair of boots "Wokaz" (worn) {Str+1 Dex+3 Int+5}
   (You bought it in a shop on level 2 of the Snake Pit)

   It affects your strength (+1).
   It affects your intelligence (+5).
   It affects your dexterity (+3).
 R - a +2 pair of gauntlets (worn)
 S - a +2 cloak of preservation (worn)
Magical devices
 j - a wand of digging (19)
 r - a wand of digging (3)
 u - a wand of heal wounds (9)
 w - a wand of disintegration (16)
 x - a wand of hasting (3)
 z - a wand of cold (3)
 A - a wand of digging (4)
 G - a wand of digging (0)
 N - a wand of teleportation (5)
 U - a wand of fire (2)
Comestibles
 p - 4 bread rations
 q - 2 royal jellies
Scrolls
 f - 2 scrolls of identify
 i - 3 scrolls of remove curse
 E - 5 scrolls of teleportation
 K - 2 scrolls of blinking
 M - 2 scrolls of recharging
 Q - 4 scrolls of magic mapping
Jewellery
 s - an uncursed ring of sustenance
 v - the ring "Catiost" {-Tele rElec rN+ SInv}
   (You found it on level 6 of the Pits of Slime)

   [ring of see invisible]

   It insulates you from electricity.
   It protects you from negative energy.
   It prevents most forms of teleportation.
 C - the ring "Shroer Exyta" (left hand) {EV+4 Str+3 Int+2 Dam+4}
   (You took it off a yaktaur on level 8 of the Vaults)

   [ring of evasion]

   It affects your evasion (+4).
   It affects your strength (+3).
   It affects your intelligence (+2).
   It affects your damage-dealing abilities (+4).
 H - an uncursed ring of teleport control
 L - the ring "Foke Pram" {rC+ EV+3 Acc+3}
   (You found it on level 8 of the Vaults)

   [ring of evasion]

   It affects your evasion (+3).
   It affects your accuracy (+3).
   It protects you from cold.
 O - an amulet of clarity (around neck)
 P - a +0,+7 ring of slaying (right hand)
 V - the amulet of Existentialism {rMut Int+3}
   (You found it on level 4 of the Elven Halls)

   [amulet of resist mutation]

   It affects your intelligence (+3).
 W - the ring of Rumopepp {SustAb rPois rN+ Str+3 SInv}
   (You took it off a skeletal warrior on level 5 of the Crypt)

   [ring of sustain abilities]

   It affects your strength (+3).
   It protects you from poison.
   It protects you from negative energy.
   It enhances your eyesight.
 Z - an uncursed ring of regeneration
Potions
 l - a potion of agility
 m - 2 potions of restore abilities
 B - 5 potions of magic
 D - 4 potions of resistance
 I - 4 potions of brilliance
 J - 9 potions of curing
 T - 3 potions of heal wounds
Books
 n - a manual of Dodging (studied) You are currently studying this manual.
Magical staves
 d - an uncursed staff of wizardry {!a}
Orbs of Power
 X - the Orb of Zot
Rods
 c - a +7 rod of destruction [fire] (11/11)
   (You found it on level 7 of Gehenna)
 e - a +5 rod of destruction [lightning,fireball,iron] (13/13)
   (You took it off a deep elf demonologist on level 4 of the Elven Halls)
 g - a +2 rod of demonology (10/10) {!a}
   (You found it on level 4 of the Lair of Beasts)
 y - a +0 rod of summoning (10/10)
   (You took it off a deep elf soldier on level 4 of the Elven Halls)


Message History

Evoke which item? (* to show all) (? for menu, Esc to quit)
Zapping:
j - a wand of digging {zapped: 1} The rock liquefies and sinks out of sight.
Your skill with magical items lets you calculate the power of this device...
This wand has 19 charges left.
There is an open door here.
You close the door.
There is a staircase leading out of the dungeon here.
Drink which item? (? for menu, Esc to quit)
You feel much better.
Drink which item? (? for menu, Esc to quit)
You feel much better.
Drink which item? (? for menu, Esc to quit)
You feel much better.
Drink which item? (? for menu, Esc to quit)
You feel much better.
Drink which item? (? for menu, Esc to quit)
You feel much better. Are you sure you want to win?
You have escaped!

##################
......#......#.<.#
#####.#.###..#...#
#.#.#....#'###
#.#.#.8....#@#
#.......#..#.#
#####.....####.+.#
............#..#.#
#####.#.#.8....#.#
#.#.#....#'###
#.#.###..#...#
#.#......#..<#
#.############


There were no monsters in sight!

Vanquished Creatures
  Asmodeus (Geh:7)
  the royal jelly (Slime:6)
  Ereshkigal (Tar:7)
  Khufu (Crypt:2)
  4 orbs of fire the Serpent of Hell (Tar:7)
  5 ancient liches
  3 greater mummies (Crypt:1)
  Saint Roka (D:19)
  Boris (D:21)
  Norris (D:18)
  A Killer Klown (Zot:5)
  Mara (Snake:5)
  Mennas (D:20)
  Geryon (Hell)
  6 golden dragons
  An illusory Mara (Snake:5)
  2 profane servitors (Crypt:5)
  Xtahua (Vaults:4)
  3 electric golems
  A lich (Crypt:5)
  10 Brimstone Fiends
  6 Hell Sentinels
  20 tentacled monstrosities
  18 Orb Guardians (Zot:5)
  4 titans (Vaults:8)
  3 quicksilver dragons (Dis:7)
  3 deep elf blademasters
  Murray (Hell)
  9 shadow dragons
  Kirke (Elf:1)
  39 acid blobs
  10 storm dragons
  5 sphinxes
  2 Ice Fiends (Dis:7)
  Frances (D:21)
  10 Shadow Fiends
  3 draconian monks (Zot:1)
  A draconian knight (Zot:2)
  11 azure jellies
  A ghost moth (shapeshifter) (Vaults:8)
  Donald (Elf:1)
  An Executioner (Dis:7)
  8 bone dragons
  20 ghouls
  5 frost giants
  5 balrugs
  6 iron dragons
  Wiglaf (D:20)
  Louise (D:19)
  2 ghost moths
  2 orc warlords
  Maud (Swamp:1)
  Gastronok (D:11)
  A stone giant (shapeshifter) (Vaults:8)
  41 stone giants
  2 draconian zealots (Zot:1)
  4 fire giants
  3 draconian annihilators (Zot:1)
  5 draconian shifters
  6 grey draconians
  3 draconian callers
  3 green draconians
  5 deep elf death magi (Elf:4)
  15 reapers
  A dire elephant (shapeshifter) (D:23)
  5 pale draconians
  16 yellow draconians
  12 deep elf annihilators (Elf:4)
  2 green deaths
  9 greater nagas (Snake:5)
  2 red draconians
  4 mottled draconians
  6 purple draconians
  A titan zombie (Crypt:2)
  3 vampire knights (Crypt:2)
  5 black draconians
  2 deep elf master archers (Elf:4)
  4 deep elf sorcerers (Elf:4)
  7 ettins
  2 white draconians
  10 eidola (Crypt:5)
  A blizzard demon (Dis:3)
  Snorg (Snake:3)
  10 salamanders (Snake:5)
  A titan skeleton (Crypt:1)
  57 yaktaur captains
  24 vault guards (Vaults:8)
  A dragon (shapeshifter) (Vaults:8)
  A mummy priest (Crypt:5)
  7 dragons
  3 unborn deep dwarves
  2 hydras (shapeshifter)
  4 death cobs (Zot:3)
  8 great orbs of eyes
  12 death oozes (Slime:6)
  Fannar (D:11)
  Erica (D:14)
  2 ravenous feature mimics
  Harold (D:10)
  Josephine (D:13)
  A lorocyproca (Dis:7)
  A large abomination (Elf:4)
  24 hydras
  3 deep elf demonologists (Elf:4)
  14 anacondas
  A shadow dragon zombie (Tar:1)
  13 ice dragons
  A ravenous item mimic (Vaults:8)
  2 storm dragon skeletons
  4 alligators
  A sphinx zombie (Crypt:2)
  An anaconda (shapeshifter) (Vaults:8)
  14 ogre magi
  5 stone giant zombies
  6 orc high priests
  10 death yaks (Lair:8)
  2 fire giant zombies
  6 iron dragon zombies
  3 frost giant zombies
  A rakshasa (D:16)
  4 shadow dragon skeletons
  7 very ugly things
  3 deep elf high priests (Elf:4)
  7 hell hogs
  Urug (Snake:1)
  24 deep trolls
  A frost giant skeleton (Crypt:1)
  An iron dragon skeleton (Dis:5)
  Nergalle (Vaults:2)
  30 centaur warriors
  5 soul eaters
  4 fire giant skeletons
  4 iron golems
  2 catoblepae (Lair:8)
  A sphinx skeleton (D:23)
  The ghost of BanMido the Thaumaturge, a powerful DEWz of Sif Muna (D:15)
  11 stone giant skeletons
  11 sun demons
  2 deep dwarf death knights (Crypt:5)
  A vapour (Swamp:2)
  52 skeletal warriors
  4 ice devils
  2 death drakes
  26 deep elf knights
  2 shadow wraiths
  2 giant orange brains
  7 unseen horrors
  6 shadow demons
  16 iron trolls
  16 hell knights
  11 naga warriors
  A sea snake (shapeshifter) (D:27)
  Erolcha (D:11)
  A dire elephant skeleton (Crypt:2)
  An iron troll zombie (Vaults:6)
  11 swamp dragons
  A death yak zombie (Crypt:1)
  A redback zombie (D:23)
  A swamp worm zombie (Swamp:2)
  A pale draconian zombie (Tar:7)
  A purple draconian skeleton (Geh:7)
  A mottled draconian zombie (Crypt:2)
  26 orc knights
  2 pale draconian skeletons
  12 hellions
  15 hill giants
  18 flayed ghosts
  20 giant amoebae
  2 white draconian skeletons
  11 necromancers
  A siren zombie (Crypt:5)
  A black draconian skeleton (Geh:6)
  A wizard (D:20)
  A grey draconian skeleton (Crypt:2)
  A lindwurm (shapeshifter) (D:23)
  8 orc sorcerers
  An iron troll skeleton (Vaults:8)
  A griffon (shapeshifter) (Vaults:8)
  18 cyclopes
  A vampire mage (Crypt:3)
  A death drake zombie (Tar:7)
  5 red wasps
  3 oklob plants (Zot:1)
  3 wolf spiders
  8 guardian serpents (Snake:5)
  A jumping spider zombie (Crypt:5)
  A hydra skeleton (D:16)
  7 shining eyes
  A minotaur skeleton (Crypt:2)
  11 harpies
  A red wasp (shapeshifter) (Vaults:8)
  A catoblepas zombie (Geh:3)
  7 death drake skeletons
  4 spiny worms
  4 griffons
  Maurice (D:10)
  2 ettin zombies
  2 harpy skeletons
  29 black mambas
  2 eyes of devastation
  A griffon zombie (D:19)
  A guardian serpent zombie (Crypt:5)
  2 sixfirhies
  An elephant slug (Lair:8)
  17 moths of wrath
  2 slime creatures (shapeshifter) (Vaults:8)
  An ice dragon zombie (Vaults:2)
  12 phantasmal warriors
  3 ettin skeletons
  A fire crab (shapeshifter) (D:14)
  2 draconian skeletons
  An ice dragon skeleton (D:18)
  2 spiny worm zombies
  17 tormentors
  A black mamba zombie (Dis:7)
  12 elephants
  5 orange demons
  4 feature mimics
  2 griffon skeletons
  26 naga magi
  82 yaktaurs
  140 slime creatures
  A dragon skeleton (Crypt:3)
  3 hill giant zombies
  A queen ant (Vaults:4)
  Psyche (D:10)
  7 guardian mummies
  2 efreet (Geh:7)
  4 hellwings
  A mermaid (shapeshifter) (Vaults:8)
  A demonic crawler (Vaults:2)
  A smoke demon (Vaults:4)
  9 spiny frogs
  21 rock trolls
  A hill giant skeleton (Crypt:2)
  2 elves (shapeshifter)
  32 two-headed ogres
  A deep troll zombie (Crypt:1)
  An agate snail zombie (Geh:7)
  14 iron devils
  A queen bee (Lair:3)
  An elf zombie (Crypt:2)
  15 giant leeches
  2 spriggan skeletons
  A spriggan (shapeshifter) (Vaults:4)
  A queen bee (shapeshifter) (Vaults:4)
  A rock troll zombie (Crypt:3)
  6 raven skeletons
  3 raven zombies
  11 komodo dragons
  24 trolls
  3 human zombies
  140 ugly things
  3 snapping turtle zombies
  5 rock troll skeletons
  5 bog bodies
  2 ravens (Swamp:2)
  A red wasp simulacrum (D:20)
  A blink frog (shapeshifter) (Vaults:8)
  A spiny frog skeleton (Crypt:5)
  A deep troll skeleton (Vaults:7)
  10 blink frogs
  A baby alligator skeleton (Crypt:2)
  10 bumblebees
  A raven (shapeshifter) (Vaults:2)
  19 brown oozes
  4 vampires
  6 basilisks
  3 ynoxinuls
  A swamp dragon zombie (Crypt:5)
  9 metal gargoyles (Dis:7)
  2 chaos spawn
  116 yaks
  A merfolk skeleton (Crypt:4)
  5 blue devils
  10 rotting hulks
  An elephant zombie (Crypt:3)
  2 blink frog zombies
  A hill giant simulacrum (D:19)
  A shark (Snake:3)
  10 golden eyes
  A yak (shapeshifter) (Vaults:7)
  2 hog skeletons
  An elephant skeleton (Crypt:3)
  A neqoxec (D:21)
  14 deep elf conjurers
  2 trapdoor spiders
  14 redbacks
  45 vampire mosquitoes
  25 deep elf fighters
  6 fire drakes
  12 hippogriffs
  A blink frog skeleton (D:12)
  A mermaid zombie (Crypt:1)
  17 wraiths
  7 merfolk (shapeshifter)
  4 mottled dragons
  A fire drake zombie (Geh:7)
  4 manticores
  6 hogs (Elf:1)
  8 hungry ghosts
  3 giant slug zombies
  4 fire crab zombies
  6 molten gargoyles (Geh:7)
  3 yaktaur zombies
  15 deep elf summoners
  10 war dogs (Lair:8)
  A komodo dragon zombie (Crypt:1)
  5 yaktaur skeletons
  3 rock worms
  3 small abominations
  39 swamp worms
  21 necrophages
  81 orc warriors
  9 boulder beetles
  17 freezing wraiths
  A manticore zombie (Crypt:3)
  21 soldier ants
  7 deep elf priests
  17 hell hounds
  2 ice beasts
  A manticore skeleton (Crypt:4)
  13 phantoms
  2 yak zombies
  2 kobold demonologists (Vaults:4)
  A queen bee zombie (Crypt:3)
  A cyclops skeleton (Crypt:1)
  A polar bear zombie (Geh:7)
  7 hell beasts
  A sky beast (D:11)
  54 ogres
  A black bear (D:5)
  A boulder beetle zombie (D:20)
  20 swamp drakes
  13 giant goldfish
  A giant goldfish zombie (Swamp:2)
  13 rotting devils
  10 red devils
  8 crocodiles
  8 wargs
  5 yellow wasps
  20 deep elf magi
  10 lava worms
  A troll skeleton (D:14)
  An elf skeleton (Crypt:4)
  A wolf zombie (Crypt:3)
  9 big kobolds
  3 boring beetles
  50 centaurs
  45 water moccasins
  65 nagas
  2 yellow wasp zombies
  A basilisk zombie (Crypt:5)
  17 giant slugs
  2 centaur zombies (D:23)
  14 giant frogs
  A black bear zombie (Crypt:1)
  6 agate snails
  6 insubstantial wisps (Swamp:4)
  An octopode zombie (Dis:7)
  A two-headed ogre skeleton (Crypt:1)
  A water moccasin skeleton (Swamp:2)
  3 basilisk skeletons
  A water moccasin zombie (D:9)
  2 black bear skeletons
  A yak simulacrum (Crypt:3)
  74 killer bees
  A warg skeleton (Crypt:2)
  A killer bee (shapeshifter) (Vaults:6)
  4 jellyfish
  9 eyes of draining
  15 electric eels
  2 mottled dragon zombies
  A dwarf zombie (Crypt:5)
  A pulsating lump (Slime:2)
  A brain worm zombie (D:15)
  2 lava fish
  42 wights
  A big kobold zombie (D:11)
  A demigod zombie (Crypt:3)
  3 big kobold skeletons
  23 crimson imps
  8 goliath beetles
  An ogre skeleton (Geh:5)
  A demigod skeleton (Tar:7)
  4 lava snakes
  19 big fish
  11 hounds
  19 shadows
  A crocodile skeleton (Crypt:2)
  40 orc wizards
  38 orc priests
  4 quasits
  A gnoll shaman (D:7)
  8 iron imps
  A hound skeleton (D:13)
  28 spiders
  A swamp drake zombie (Swamp:2)
  10 iguanas
  21 worker ants
  A naga skeleton (Crypt:2)
  6 scorpions
  3 worker ant zombies
  8 porcupines
  An orange rat skeleton (Tar:7)
  An orange rat zombie (Crypt:2)
  43 deep elf soldiers
  9 orange rats
  2 spectral orcs (Vaults:2)
  10 sheep
  3 boggarts (Vaults:2)
  49 jellies
  2 goliath beetle zombies
  A gnoll (shapeshifter) (Vaults:8)
  6 gnolls
  53 green rats
  An iguana zombie (D:10)
  2 lemures
  23 adders
  36 flying skulls
  6 giant centipedes
  2 sheep zombies
  2 iguana skeletons
  3 adder skeletons
  A giant centipede zombie (D:11)
  2 scorpion zombies
  3 giant mites
  7 white imps
  6 shadow imps
  24 ufetubi
  3 worms
  6 grey rats
  A bat skeleton (Crypt:2)
  A bat zombie (Dis:7)
  15 giant eyeballs
  2 green rat zombies
  5 giant geckos
  23 oozes
  251 orcs
  33 bats
  17 hobgoblins
  41 jackals
  31 kobolds
  8 quokkas
  9 training dummies (Elf:3)
  11 ant larvae (Vaults:4)
  A ball python (Sewer)
  8 giant cockroaches
  A giant cockroach zombie (Crypt:4)
  A giant gecko skeleton (Crypt:1)
  A giant gecko zombie (Crypt:5)
  11 giant newts
  A giant newt skeleton (Crypt:4)
  A giant newt zombie (Tar:7)
  2 giant spores
  16 goblins
  A goblin skeleton (Crypt:4)
  A hobgoblin skeleton (D:4)
  A kobold skeleton (Crypt:3)
  10 orc zombies
  35 rats
  2 rat skeletons
  4 ballistomycetes
  9 butterflies
  2 crawling corpses (Elf:4)
  4 fungi
  A macabre mass (Elf:4)
  7 plants
  105 toadstools
4341 creatures vanquished.

Vanquished Creatures (collateral kills)
  An orc warlord (Orc:3)
  A stone giant (Vaults:6)
  2 ogre magi (Orc:4)
  A draconian (shapeshifter) (D:21)
  A soul eater (Vaults:1)
  A large abomination (Vaults:2)
  2 orc knights
  A giant amoeba (Vaults:3)
  An orc sorcerer (Vaults:2)
  An orange demon (Vaults:1)
  2 komodo dragons (Lair:2)
  A troll (D:11)
  A spiny frog (Lair:2)
  Sonja (D:13)
  5 ugly things
  5 two-headed ogres (Orc:4)
  3 blink frogs (Lair:2)
  5 yaks
  A clay golem (Vaults:2)
  3 vampire mosquitoes
  A fire drake (Lair:2)
  A boulder beetle (Orc:1)
  An orc warrior (Orc:3)
  8 ogres (Orc:4)
  A warg (Orc:3)
  A giant slug (Lair:2)
  A big kobold (Vaults:3)
  A giant frog (Lair:2)
  An eye of draining (D:13)
  An electric eel (D:12)
  6 orc priests
  A spider (Vaults:2)
  6 orc wizards
  A sheep (Vaults:3)
  4 spectral orcs (Vaults:2)
  A jelly (D:12)
  3 mummies
  A green rat (Lair:2)
  An ufetubus (Vaults:2)
  28 orcs
  4 giant cockroaches
  2 jackals (Lair:1)
  2 kobolds
  A goblin (Orc:4)
  A rat (Vaults:7)
  A butterfly (Vaults:1)
119 creatures vanquished.

Vanquished Creatures (others)
  A tentacled monstrosity (Zot:4)
  A draconian shifter (Zot:4)
  2 stone giants (D:27)
  A death yak (Lair:8)
  An ice devil (Vaults:2)
  A catoblepas (Lair:8)
  A shadow wraith (D:23)
  3 wolf spiders
  A wizard (D:10)
  A sixfirhy (Vaults:6)
  A spiny frog (Swamp:1)
  An orange demon (Vaults:2)
  2 yaktaurs (D:23)
  A rock troll (D:20)
  2 ugly things (D:17)
  A naga mage (Snake:5)
  An iron devil (Vaults:4)
  A smoke demon (Orc:3)
  3 two-headed ogres
  A wraith (Geh:7)
  A blue devil (Vaults:6)
  4 yaks
  A chaos spawn (Orc:3)
  A ynoxinul (Vaults:1)
  A vampire mosquito (Dis:7)
  A deep elf conjurer (Elf:3)
  A molten gargoyle (Geh:7)
  2 fire drakes (Zot:5)
  3 orc warriors
  A necrophage (Geh:1)
  A red devil (Orc:3)
  2 small abominations
  3 dwarves (D:7)
  A giant goldfish (Zot:4)
  A rotting devil (Vaults:6)
  2 ogres
  3 wargs (D:23)
  2 deep elf magi
  An elf (D:7)
  3 killer bees
  An electric eel (Zot:4)
  3 wights
  4 crimson imps
  A goliath beetle (Dis:1)
  2 big fish (Zot:4)
  2 shadows
  A scorpion (Dis:7)
  An orc priest (D:20)
  A spider zombie (Vaults:2)
  3 worker ants
  6 deep elf soldiers
  A halfling (D:7)
  A sheep (Lair:8)
  2 jellies
  2 mummies (Dis:7)
  4 flying skulls
  2 adders
  A green rat (Elf:1)
  2 orc skeletons
  4 white imps
  3 worms
  6 ufetubi
  An ooze (Lair:2)
  21 orcs
  2 goblins (Orc:3)
  3 hobgoblins
  6 kobolds
  A quokka (D:17)
  A giant cockroach zombie (Vaults:2)
  A giant spore (D:11)
  A human (D:7)
  4 orc zombies
  4 rats
  A butterfly (Snake:5)
  14 fungi
  23 plants
  585 toadstools
783 creatures vanquished.

Grand Total: 5243 creatures vanquished

Action                   |  1- 3 |  4- 6 |  7- 9 | 10-12 | 13-15 | 16-18 | 19-21 | 22-24 | 25-27 || total
-------------------------+-------+-------+-------+-------+-------+-------+-------+-------+-------++-------
Melee: Spear             |   214 |   718 |       |       |       |       |       |       |       ||   932
       Long sword        |       |   118 |   588 |  2126 |  1719 |       |       |       |       ||  4551
       Scimitar          |       |       |       |    79 |  1080 |    22 |    75 |    10 |  2658 ||  3924
       Double sword      |       |       |       |       |   649 |  3048 |  3113 |       |       ||  6810
       Club              |       |       |       |       |     7 |       |       |       |       ||     7
       Unarmed           |       |       |       |       |       |       |     4 |    15 |    17 ||    36
       Demon blade       |       |       |       |       |       |       |    34 |  2433 |  2541 ||  5008
 Fire: Blowgun           |       |    10 |    60 |   242 |    46 |    13 |       |       |       ||   371
Throw: Dart              |    27 |     4 |    12 |    18 |     4 |       |       |       |       ||    65
       Stone             |       |       |       |    23 |     4 |       |       |       |       ||    27
 Cast: Shroud of Golubri |     4 |       |       |       |       |       |       |       |       ||     4
       Fire Brand        |       |       |       |       |    73 |     4 |       |       |       ||    77
       Blink             |       |       |       |       |       |     3 |     3 |     2 |     8 ||    16
       Regeneration      |       |       |       |       |       |       |    46 |    74 |   144 ||   264
       Repel Missiles    |       |       |       |       |       |       |    39 |    49 |    43 ||   131
       Haste             |       |       |       |       |       |       |    15 |    22 |    55 ||    92
       Flight            |       |       |       |       |       |       |     2 |       |     9 ||    11
       Swiftness         |       |       |       |       |       |       |     1 |       |    32 ||    33
       Freezing Aura     |       |       |       |       |       |       |     1 |       |       ||     1
       Apportation       |       |       |       |       |       |       |       |       |     2 ||     2
       Silence           |       |       |       |       |       |       |       |       |     1 ||     1
 Abil: Evoke Invisibilit |       |       |     1 |     2 |       |       |       |       |       ||     3
Evoke: Wand              |       |       |     1 |    28 |    18 |    32 |    25 |    11 |    74 ||   189
       Rod               |       |       |       |     3 |    51 |     5 |    19 |     3 |    17 ||    98
       Miscellaneous     |       |       |       |       |       |       |       |       |     1 ||     1
  Use: Potion            |     1 |     1 |     3 |       |     2 |     4 |     4 |     3 |    39 ||    57
       Scroll            |       |    13 |    10 |    19 |    13 |     8 |    16 |    13 |    34 ||   126

Notes
Turn   | Place    | Note
--------------------------------------------------------------
     0 | D:1      | clouded, the Demigod Skald, began the quest for the Orb.
     0 | D:1      | Reached XP level 1. HP: 17/17 MP: 3/3
   133 | D:1      | Reached skill level 2 in Polearms
   873 | D:2      | Reached XP level 2. HP: 24/24 MP: 4/4
   878 | D:2      | Learned a level 2 spell: Shroud of Golubria
   978 | D:2      | Found a shattered altar of Ashenzari.
  1340 | D:2      | Reached skill level 3 in Polearms
  1713 | D:2      | Reached XP level 3. HP: 22/29 MP: 3/7
  1855 | D:2      | Noticed Crazy Yiuf
  1916 | D:2      | HP: 3/29 [worm (9)]
  1962 | D:1      | HP: 5/29 [kobold/club (3)]
  2632 | D:3      | Found a snail-covered altar of Cheibriados.
  3430 | D:3      | Reached skill level 4 in Polearms
  3452 | D:3      | Reached XP level 4. HP: 29/36 MP: 9/9
  3486 | D:3      | Found a glowing drain.
  3532 | Sewer    | Entered a sewer
  4263 | Sewer    | Reached skill level 5 in Polearms
  4263 | Sewer    | Reached XP level 5. HP: 22/42 MP: 11/11
  5999 | D:4      | Reached skill level 1 in Long Blades
  6338 | D:4      | Noticed Eustachio
  6355 | D:5      | Entered Level 5 of the Dungeon
  6387 | D:5      | Reached skill level 2 in Long Blades
  6387 | D:5      | Reached XP level 6. HP: 46/49 MP: 13/13
  6441 | D:5      | Found a blossoming altar of Fedhas.
  6633 | D:5      | Reached skill level 3 in Long Blades
  6801 | D:5      | Found a staircase to the Ecumenical Temple.
  6809 | Temple   | Entered the Ecumenical Temple
  7164 | D:5      | Noticed a black bear
  7186 | D:5      | Killed a black bear
  7186 | D:5      | Reached skill level 4 in Long Blades
  7202 | D:5      | Reached XP level 7. HP: 55/55 MP: 16/16
  7340 | D:5      | Noticed an ice beast
  7482 | D:5      | Noticed Grinder
  7931 | D:6      | Reached skill level 5 in Long Blades
  7932 | D:6      | Found an ancient bone altar of Kikubaaqudgha.
  8201 | D:6      | Noticed a glowing angel
  8202 | D:6      | Found a glowing silver altar of Zin.
  8430 | D:6      | Reached skill level 6 in Long Blades
  8858 | D:7      | Reached XP level 8. HP: 55/61 MP: 15/17
  9214 | D:7      | Found a burning altar of Makhleb.
  9502 | D:7      | Reached skill level 7 in Long Blades
  9968 | D:7      | Reached XP level 7. HP: 54/55 MP: 14/16
  9978 | D:7      | Reached XP level 8. HP: 58/61 MP: 13/17
 10257 | D:7      | Paralysed by a giant eyeball for 2 turns
 10264 | D:7      | Paralysed by a giant eyeball for 4 turns
 10268 | D:7      | Reached skill level 8 in Long Blades
 10397 | D:8      | Reached skill level 2 in Fighting
 10493 | D:8      | Paralysed by a giant eyeball for 3 turns
 10905 | D:8      | Found a glowing golden altar of the Shining One.
 10959 | D:8      | Found a glowing golden altar of the Shining One.
 11221 | D:8      | Reached skill level 3 in Fighting
 11928 | D:9      | Reached skill level 1 in Armour
 12156 | D:9      | Reached XP level 9. HP: 70/70 MP: 18/18
 12219 | D:9      | Reached skill level 2 in Armour
 12287 | D:9      | Reached skill level 9 in Long Blades
 12571 | D:9      | You fall through a shaft!
 12592 | D:11     | Reached skill level 3 in Armour
 12741 | D:10     | Entered Level 10 of the Dungeon
 12902 | D:10     | Noticed Harold
 12932 | D:10     | Killed Harold
 12932 | D:10     | Reached skill level 4 in Armour
 13185 | D:10     | Reached skill level 10 in Long Blades
 13202 | D:10     | Reached skill level 1 in Shields
 13318 | D:10     | Noticed a hill giant
 13441 | D:10     | Reached skill level 2 in Shields
 13469 | D:10     | Noticed Psyche
 13485 | D:10     | Killed Psyche
 13485 | D:10     | Reached XP level 10. HP: 52/77 MP: 13/20
 13505 | D:10     | Reached skill level 3 in Shields
 13769 | D:10     | Found a bloodstained altar of Trog.
 13772 | D:10     | Noticed a terrified wizard
 13778 | D:10     | Killed a terrified wizard
 13934 | D:10     | Noticed Maurice
 14111 | D:10     | Killed Maurice
 14116 | D:10     | Identified a +1 cloak of preservation (You took it off Maurice on level 10 of the Dungeon)
 14282 | D:10     | Reached skill level 4 in Shields
 14458 | D:10     | HP: 15/77 [hill giant/giant club (16)]
 14823 | D:11     | Noticed Erolcha
 14824 | D:11     | Noticed Fannar
 15051 | D:11     | Killed Fannar
 15051 | D:11     | Reached skill level 11 in Long Blades
 15051 | D:11     | Reached skill level 5 in Shields
 15515 | D:10     | Reached skill level 6 in Shields
 15967 | D:12     | Noticed a hill giant
 16243 | D:11     | Noticed Gastronok
 16281 | D:11     | Killed Gastronok
 16281 | D:11     | Reached skill level 12 in Long Blades
 16281 | D:11     | Reached skill level 7 in Shields
 16281 | D:11     | Reached XP level 11. HP: 44/82 MP: 12/21
 16500 | D:11     | Reached skill level 4 in Fighting
 17130 | D:13     | Reached skill level 5 in Fighting
 17453 | D:13     | Noticed Josephine
 17465 | D:13     | Reached XP level 10. HP: 46/80 MP: 11/20
 17469 | D:13     | Killed Josephine
 17469 | D:13     | Reached skill level 6 in Fighting
 17469 | D:13     | Reached skill level 13 in Long Blades
 17469 | D:13     | Reached XP level 11. HP: 41/86 MP: 9/21
 18138 | D:13     | Reached skill level 7 in Fighting
 18167 | D:13     | Noticed Sonja
 18251 | D:13     | Killed an unseen horror
 18404 | D:12     | Killed a hill giant
 18524 | D:11     | Found a staircase to the Lair.
 18542 | Lair:1   | Entered Level 1 of the Lair of Beasts
 18868 | Lair:1   | Reached skill level 8 in Fighting
 19723 | Lair:2   | Reached skill level 14 in Long Blades
 19851 | Lair:2   | Got a polished chain mail
 19899 | Lair:1   | Identified the +13 chain mail of Throoxen (You found it on level 2 of the Lair of Beasts)
 19900 | Lair:1   | !
 20388 | Lair:1   | Learned a level 2 spell: Fire Brand
 20393 | Lair:1   | Learned a level 3 spell: Regeneration
 20500 | Lair:2   | Reached skill level 2 in Spellcasting
 20528 | Lair:2   | Reached skill level 3 in Charms
 20665 | Lair:2   | hm
 20678 | Lair:2   | well then
 20990 | Lair:2   | Reached skill level 4 in Charms
 21024 | Lair:2   | Reached skill level 3 in Spellcasting
 21565 | Lair:2   | I hate autoexplore sometimes
 21566 | Lair:2   | I guess I do have rcorr
 21586 | Lair:2   | Reached XP level 12. HP: 90/97 MP: 21/25
 21689 | Lair:2   | Reached skill level 5 in Charms
 21790 | Lair:3   | Reached skill level 4 in Spellcasting
 21958 | Lair:3   | Found a staircase to the Swamp.
 22235 | Lair:3   | Reached skill level 6 in Charms
 22840 | Lair:3   | Reached skill level 8 in Shields
 23642 | Lair:3   | Reached skill level 7 in Charms
 24227 | Lair:4   | Identified a +0 rod of demonology (9/9) (You found it on level 4 of the Lair of Beasts)
 24228 | Lair:4   | could have been better
 24978 | Lair:5   | Found a labyrinth entrance.
 24996 | Lab      | Entered a labyrinth
 25212 | Lab      | Noticed a minotaur
 25261 | Lab      | Got a bloodstained splint mail
 25356 | Lair:5   | Noticed a four-headed hydra
 26200 | Lair:6   | Found a staircase to the Snake Pit.
 26329 | Lair:6   | Reached skill level 9 in Shields
 26329 | Lair:6   | Reached skill level 1 in Evocations
 27078 | Lair:7   | Noticed a four-headed hydra
 27121 | Lair:7   | Found a bloodstained altar of Trog.
 27259 | Lair:7   | Reached skill level 2 in Evocations
 27545 | Lair:7   | Reached skill level 3 in Evocations
 27853 | Lair:7   | Noticed a four-headed hydra
 28070 | Lair:8   | Entered Level 8 of the Lair of Beasts
 28245 | Lair:8   | Noticed a death yak
 28266 | Lair:8   | Noticed a death yak
 28350 | Lair:8   | Noticed a death yak
 28396 | Lair:8   | Killed a death yak
 28396 | Lair:8   | Reached skill level 4 in Evocations
 28461 | Lair:8   | Killed a death yak
 28465 | Lair:8   | Killed a death yak
 28465 | Lair:8   | Reached skill level 10 in Shields
 28465 | Lair:8   | Reached skill level 5 in Evocations
 28671 | Lair:8   | Reached XP level 13. HP: 85/104 MP: 25/27
 28920 | Lair:8   | Reached skill level 8 in Charms
 29236 | Lair:8   | Noticed a death yak
 29282 | Lair:8   | Killed a death yak
 29417 | Lair:8   | Reached skill level 11 in Shields
 29431 | Lair:8   | Noticed a death yak
 29482 | Lair:8   | Killed a death yak
 29482 | Lair:8   | Reached skill level 9 in Charms
 29490 | Lair:8   | Noticed a death yak
 29602 | Lair:8   | Killed a death yak
 29776 | Lair:8   | Noticed a death yak
 29790 | Lair:8   | Noticed a death yak
 29802 | Lair:8   | Noticed a death yak
 29812 | Lair:8   | Noticed a death yak
 29815 | Lair:8   | Killed a death yak
 30581 | Lair:8   | HP: 20/104 [death yak (7)]
 30863 | Lair:8   | Killed a death yak
 30884 | Lair:8   | Killed a death yak
 31064 | Lair:8   | Noticed a death yak
 31064 | Lair:8   | Noticed a death yak
 31096 | Lair:8   | Killed a death yak
 31141 | Lair:8   | Killed a death yak
 31141 | Lair:8   | Reached skill level 10 in Charms
 31356 | Lair:8   | oops
 31357 | Lair:8   | Found a staircase to the Slime Pits.
 31379 | Lair:8   | Reached skill level 1 in Fire Magic
 31406 | Lair:8   | Reached skill level 12 in Shields
 31686 | Lair:8   | Noticed a seven-headed hydra
 31848 | Lair:7   | Killed a hydra
 31848 | Lair:7   | Reached skill level 2 in Fire Magic
 31854 | Lair:7   | Killed a hydra
 31917 | Lair:7   | Reached skill level 3 in Fire Magic
 31985 | Lair:8   | Killed a hydra
 31985 | Lair:8   | Reached skill level 1 in Translocations
 32223 | Lair:8   | Reached skill level 2 in Translocations
 32516 | Lair:8   | Identified a +1 rod of warding (12/12) (You found it on level 8 of the Lair of Beasts)
 32795 | Lair:1   | Identified a scroll of acquirement
 32796 | Lair:1   | Got a smoking demon trident
 32797 | Lair:1   | ff
 32797 | Lair:1   | come on
 32797 | Lair:1   | Identified the demon trident "Bingo" {drain, *Tele rElec} (You acquired it on level 1 of the Lair of Beasts)
 32798 | Lair:1   | same fucking one I just found!!
 32956 | D:11     | Found Khid's Armour Shoppe.
 33014 | D:11     | Killed Erolcha
 33050 | D:11     | Found a staircase to the Orcish Mines.
 33324 | Orc:1    | Entered Level 1 of the Orcish Mines
 33324 | Orc:1    | Found a roughly hewn altar of Beogh.
 33344 | D:11     | Reached skill level 3 in Translocations
 34270 | Orc:1    | Reached skill level 6 in Evocations
 34666 | Orc:3    | Noticed an orc warlord
 34852 | Orc:3    | Killed an orc warlord
 35001 | Orc:3    | Reached skill level 7 in Evocations
 35182 | Orc:3    | Noticed an orc warlord
 35283 | Orc:3    | oops
 35828 | Orc:3    | Killed an orc warlord
 35938 | Orc:3    | what's this vault?
 36167 | Orc:3    | Found a roughly hewn altar of Beogh.
 36360 | Orc:4    | Entered Level 4 of the Orcish Mines
 36448 | Orc:4    | Found a staircase to the Elven Halls.
 36481 | Orc:4    | Reached skill level 8 in Evocations
 37072 | Orc:4    | Reached XP level 14. HP: 105/113 MP: 26/29
 37122 | Orc:4    | Reached skill level 9 in Evocations
 37189 | Orc:4    | Found Klossem's Magical Wand Shoppe.
 37189 | Orc:4    | Found Lyunobyl's Assorted Antiques.
 37190 | Orc:4    | Found Schinnen's Distillery.
 37190 | Orc:4    | Found Smuifod's Food Emporium.
 37206 | Orc:4    | Bought a potion of strong poison for 30 gold pieces
 37206 | Orc:4    | Bought a potion of agility for 37 gold pieces
 37206 | Orc:4    | Bought 2 potions of heal wounds for 90 gold pieces
 37210 | Orc:4    | Bought a wand of hasting (4) for 576 gold pieces
 37210 | Orc:4    | Bought a wand of teleportation (2) for 216 gold pieces
 37216 | Orc:4    | Bought a scroll of identify for 56 gold pieces
 37216 | Orc:4    | Bought a scroll of identify for 56 gold pieces
 37216 | Orc:4    | Bought 3 scrolls of identify for 168 gold pieces
 37234 | Orc:4    | Found a roughly hewn altar of Beogh.
 37352 | Lair:2   | Learned a level 2 spell: Blink
 37352 | Lair:2   | Upgraded the game from 0.11-a0-2946-g7b7f8cc to 0.11-a0-2975-gc3b9901
 37912 | D:12     | Found Kekh's Distillery.
 37957 | D:12     | Kekh's Distillery was a mimic.
 38042 | D:12     | Reached skill level 10 in Evocations
 38226 | D:13     | Killed Sonja
 38392 | D:13     | Noticed an unseen horror
 38404 | D:13     | Killed an unseen horror
 38502 | D:14     | Entered Level 14 of the Dungeon
 39039 | D:15     | Entered Level 15 of the Dungeon
 39211 | D:14     | Reached skill level 11 in Evocations
 39218 | D:15     | Found a staircase to the Vaults.
 39300 | D:15     | Noticed Aizul
 39311 | Vaults:1 | Entered Level 1 of the Vaults
 39562 | Vaults:1 | Reached skill level 5 in Armour
 39819 | Vaults:1 | Reached skill level 9 in Fighting
 40429 | Vaults:1 | Reached skill level 6 in Armour
 40751 | Vaults:1 | Found Soyxatto's Antique Armour Boutique.
 41077 | Vaults:1 | Got a fine robe
 41222 | Vaults:1 | Got a jewelled great sword
 41230 | Vaults:1 | Identified the cursed great sword of the Empty Page {freeze, Contam rC+ MR Dex+4 SInv} (You found it on level 1 of the Vaults)
 41443 | Vaults:1 | Reached skill level 7 in Armour
 41772 | Vaults:2 | Reached skill level 10 in Fighting
 42494 | Vaults:2 | Reached skill level 1 in Dodging
 42573 | Vaults:2 | Reached skill level 2 in Dodging
 42573 | Vaults:2 | Reached XP level 15. HP: 89/123 MP: 25/32
 42940 | Vaults:2 | Reached skill level 3 in Dodging
 43036 | Vaults:2 | Found a staircase to the Crypt.
 43423 | Vaults:2 | Found Duwanoum's General Store.
 43526 | Vaults:2 | Reached skill level 13 in Shields
 43541 | Vaults:2 | Reached skill level 4 in Dodging
 43951 | Crypt:1  | Entered Level 1 of the Crypt
 43982 | Vaults:2 | Noticed a green death
 44464 | Vaults:2 | Got a brightly glowing double sword
 44465 | Vaults:2 | Identified the double sword "Killer Klown's Regret" {freeze, *Rage rPois MR} (You found it on level 2 of the Vaults)
 44527 | D:15     | Noticed BanMido's ghost (powerful DEWz)
 44721 | Swamp:1  | Entered Level 1 of the Swamp
 45626 | Swamp:1  | Noticed Maud
 45688 | Swamp:1  | Killed Maud
 47193 | Swamp:2  | Reached skill level 15 in Long Blades
 47193 | Swamp:2  | Reached skill level 14 in Shields
 48432 | Swamp:3  | Reached XP level 16. HP: 132/132 MP: 33/33
 49193 | Swamp:3  | Found a basalt altar of Yredelemnul.
 50756 | Swamp:4  | Gained mutation: You have a fast metabolism. [a Zot trap]
 51084 | Swamp:5  | Entered Level 5 of the Swamp
 51469 | Lair:2   | Identified the cursed -5 splint mail of the Morning (You found it in a labyrinth)
 52052 | Vaults:2 | Reached skill level 15 in Shields
 52175 | Vaults:3 | Reached skill level 1 in Traps & Doors
 52225 | Vaults:3 | Noticed Nergalle
 52397 | Vaults:2 | Reached skill level 2 in Traps & Doors
 52471 | Vaults:2 | Killed Nergalle
 52471 | Vaults:2 | Reached skill level 5 in Dodging
 52589 | Vaults:3 | Noticed Nikola
 52625 | Vaults:4 | Noticed Frederick
 52731 | Vaults:2 | Killed a green death
 52997 | D:15     | Reached skill level 3 in Traps & Doors
 54037 | Crypt:1  | Noticed a ghoul
 54037 | Crypt:1  | Reached skill level 6 in Dodging
 54041 | Crypt:1  | Noticed a ghoul
 54239 | Vaults:3 | Found Saunuho's Food Shop.
 54468 | Vaults:4 | Reached skill level 4 in Traps & Doors
 55239 | Vaults:4 | Reached skill level 7 in Dodging
 55340 | Vaults:4 | Found a staircase to the Hall of Blades.
 55638 | Vaults:4 | Noticed Xtahua
 55801 | Vaults:3 | Reached skill level 4 in Translocations
 56003 | Vaults:2 | Noticed a storm dragon
 56231 | D:16     | Reached XP level 17. HP: 127/138 MP: 33/33
 56471 | D:16     | Reached skill level 5 in Translocations
 56569 | D:16     | Reached skill level 8 in Dodging
 57094 | D:17     | Found Petach's Jewellery Boutique.
 57103 | D:17     | Bought a cursed -3 ring of protection for 34 gold pieces
 57172 | D:17     | Found a white marble altar of Elyvilon.
 57529 | D:17     | Reached skill level 6 in Translocations
 58501 | D:18     | Found Treu's Jewellery Shoppe.
 58506 | D:18     | Bought an uncursed amulet of inaccuracy for 32 gold pieces
 58611 | D:18     | Reached skill level 9 in Dodging
 58700 | D:18     | Reached skill level 5 in Spellcasting
 58784 | D:18     | Noticed Rupert
 58823 | D:18     | Noticed Norris
 58857 | D:18     | Killed Norris
 59570 | D:19     | Noticed Louise
 59591 | D:19     | Reached skill level 6 in Spellcasting
 59617 | D:19     | Killed Louise
 59818 | D:19     | Found a snail-covered altar of Cheibriados.
 60028 | D:20     | Entered Level 20 of the Dungeon
 60031 | D:20     | Noticed Mennas
 60073 | D:20     | Reached skill level 10 in Dodging
 60515 | D:20     | Noticed Wiglaf
 60568 | D:20     | Killed Wiglaf
 60849 | D:20     | Noticed Saint Roka
 61185 | D:19     | Killed Saint Roka
 61185 | D:19     | Reached XP level 18. HP: 62/146 MP: 34/34
 61577 | D:20     | Reached skill level 7 in Spellcasting
 62078 | D:21     | Reached skill level 1 in Unarmed Combat
 62692 | D:21     | Reached skill level 11 in Dodging
 62692 | D:21     | Reached skill level 2 in Unarmed Combat
 63191 | D:21     | Noticed Frances
 63204 | D:21     | Killed Frances
 63449 | D:21     | Found a gateway to Hell.
 63505 | D:21     | Noticed Boris
 63907 | D:22     | Lost mutation: You have a fast metabolism. [potion of cure mutation]
 65236 | D:22     | Reached skill level 11 in Charms
 65292 | D:22     | Noticed a sphinx
 65302 | D:22     | Killed a sphinx
 65397 | D:22     | Reached skill level 12 in Dodging
 66005 | D:23     | .
 66067 | D:23     | Reached skill level 11 in Fighting
 66279 | D:23     | probably can't handle all the stone giants and shadow dragons in here
 66845 | D:23     | Found a shimmering altar of Xom.
 66878 | D:23     | Found a white marble altar of Elyvilon.
 66878 | D:23     | Found a basalt altar of Yredelemnul.
 66910 | D:23     | Noticed a tentacled monstrosity
 66926 | D:22     | have to clear it later
 67282 | Lair:2   | Learned a level 6 spell: Haste
 67285 | Lair:2   | Learned a level 2 spell: Repel Missiles
 67289 | Lair:2   | Learned a level 3 spell: Flight
 67619 | D:14     | Noticed Roxanne
 67648 | D:14     | Reached XP level 19. HP: 122/154 MP: 35/35
 67783 | D:14     | Noticed Erica
 67793 | D:14     | Killed Erica
 68299 | Crypt:1  | Reached skill level 12 in Charms
 68354 | Crypt:1  | Noticed a ghoul
 68371 | Crypt:1  | Noticed a ghoul
 68373 | Crypt:1  | Noticed a ghoul
 68374 | Crypt:1  | Noticed a ghoul
 68392 | Crypt:1  | Killed a ghoul
 68795 | Vaults:5 | You fall through a shaft!
 69077 | Vaults:6 | Found a flickering gateway to a bazaar.
 69112 | Bazaar   | Entered a bazaar
 69116 | Bazaar   | Found Konuf's Assorted Antiques.
 69134 | Bazaar   | Found Twifey's Assorted Antiques.
 69151 | Bazaar   | Found Fyl Phur's Book Boutique.
 69168 | Bazaar   | Found Breol's Antique Weapon Shoppe.
 69205 | Bazaar   | Bought the +2 hat of the Alchemist {rElec rF+ rC+ MR} for 1850 gold pieces
 69654 | Vaults:5 | Reached skill level 12 in Fighting
 69676 | Vaults:5 | Found Quimad's Distillery.
 69682 | Vaults:5 | Bought a potion of confusion for 14 gold pieces
 69682 | Vaults:5 | Bought a potion of levitation for 42 gold pieces
 69682 | Vaults:5 | Bought a potion of berserk rage for 42 gold pieces
 70094 | Vaults:6 | Got a shimmering trident
 70095 | Vaults:6 | Identified the trident "Beastbane" {antimagic, rC+ MR} (You acquired it on level 6 of the Vaults)
 71132 | Vaults:6 | Reached skill level 13 in Charms
 72720 | Vaults:7 | Reached skill level 14 in Charms
 73192 | Snake:1  | Entered Level 1 of the Snake Pit
 73311 | Snake:1  | You fall through a shaft!
 73522 | Snake:1  | Noticed Urug
 73535 | Snake:1  | Killed Urug
 73707 | Snake:1  | Reached XP level 20. HP: 116/167 MP: 34/36
 74108 | Snake:2  | Found a shattered altar of Ashenzari.
 74387 | Snake:2  | Found Ynacvuatt's Distillery.
 74389 | Snake:2  | Found Skeuttun's Armour Shoppe.
 74833 | Snake:3  | Noticed Snorg
 74854 | Snake:3  | Killed Snorg
 75286 | Snake:4  | Found a blossoming altar of Fedhas.
 75741 | Snake:4  | Reached skill level 15 in Charms
 75866 | Snake:5  | Entered Level 5 of the Snake Pit
 76268 | Snake:5  | Noticed Mara
 76269 | Snake:5  | Noticed Mara
 76269 | Snake:5  | Noticed Mara
 76329 | Snake:5  | Noticed Mara
 76329 | Snake:5  | Noticed Mara
 76331 | Snake:5  | Noticed clouded's illusion
 76482 | Snake:5  | Noticed clouded's illusion
 76553 | Snake:5  | Noticed Mara
 77194 | Snake:5  | Noticed Mara
 77194 | Snake:5  | Noticed Mara
 77196 | Snake:5  | Killed Mara
 77204 | Snake:5  | Killed Mara
 79346 | Orc:3    | Found a staircase to the Elven Halls.
 79467 | Elf:1    | Entered Level 1 of the Elven Halls
 79470 | Elf:1    | Noticed Donald
 79495 | Elf:1    | Killed Donald
 79639 | Elf:1    | Found Lenwoskum's General Store.
 79865 | Elf:1    | Noticed Kirke
 79956 | Elf:1    | Killed Kirke
 80657 | Snake:2  | Bought the +2 pair of boots "Wokaz" {Str+1 Dex+3 Int+5} for 888 gold pieces
 80944 | Orc:4    | the staircase to the Elven Halls was a mimic.
 80946 | Orc:4    | Reached skill level 16 in Charms
 81072 | Elf:2    | Learned a level 1 spell: Animate Skeleton
 81190 | Elf:2    | Found Miarun's Antique Weapon Boutique.
 82399 | Elf:3    | Learned a level 2 spell: Swiftness
 82659 | Elf:4    | Entered Level 4 of the Elven Halls
 82874 | Elf:4    | Reached skill level 8 in Spellcasting
 83518 | Elf:4    | Reached skill level 8 in Armour
 83954 | Elf:4    | Identified a +4 rod of destruction [fire] (9/9) (You took it off a deep elf knight on level 4 of the Elven Halls)
 84452 | Elf:4    | Reached skill level 9 in Armour
 85122 | Elf:4    | Reached skill level 17 in Charms
 85243 | Elf:4    | Got a steaming diamond amulet
 85255 | Elf:4    | Identified the amulet of Existentialism (You found it on level 4 of the Elven Halls)
 85259 | Elf:4    | Got a graven book
 85260 | Elf:4    | Identified the Grimoire of Moulding (You found it on level 4 of the Elven Halls)
 85925 | Snake:5  | Reached XP level 21. HP: 173/173 MP: 37/37
 86018 | Snake:5  | Identified a +5 rod of destruction [lightning,fireball,iron] (13/13) (You took it off a deep elf demonologist on level 4 of the Elven Halls)
 86033 | Snake:5  | Reached skill level 10 in Armour
 86276 | Snake:5  | Identified a +0 rod of summoning (10/10) (You took it off a deep elf soldier on level 4 of the Elven Halls)
 86904 | Snake:5  | Reached skill level 11 in Armour
 86991 | Snake:5  | Reached skill level 13 in Fighting
 87400 | Snake:5  | Got a serpentine rune of Zot
 88249 | Swamp:5  | Reached skill level 12 in Armour
 88565 | Swamp:5  | Got a decaying rune of Zot
 88837 | D:15     | Killed BanMido's ghost
 89092 | D:23     | .
 89160 | D:23     | Killed a tentacled monstrosity
 89352 | D:23     | Reached skill level 14 in Fighting
 89932 | Lair:2   | Learned a level 2 spell: Freezing Aura
 90609 | D:23     | Noticed a sphinx
 90640 | D:23     | Killed a sphinx
 90640 | D:23     | Reached XP level 22. HP: 113/187 MP: 38/38
 91151 | D:23     | Noticed a shadow dragon
 91210 | D:23     | Killed a shadow dragon
 91362 | D:23     | Reached skill level 18 in Charms
 91625 | D:23     | Got a sparkling ruby amulet
 91657 | D:23     | Reached skill level 15 in Fighting
 91785 | D:23     | Noticed an ancient lich
 91822 | D:23     | Killed an ancient lich
 92491 | D:23     | ..
 92792 | D:24     | Found a one-way gate leading to the halls of Pandemonium.
 93160 | D:24     | Noticed a shadow dragon
 93182 | D:24     | Killed a shadow dragon
 93554 | D:25     | Entered Level 25 of the Dungeon
 93783 | D:25     | Reached skill level 16 in Fighting
 93798 | D:25     | Gained mutation: Your vision is a little blurry. [a shining eye]
 94027 | D:25     | Identified the amulet "Saicah" (You took it off an orc knight on level 23 of the Dungeon)
 94213 | D:25     | Found a one-way gate to the infinite horrors of the Abyss.
 94328 | D:25     | Reached skill level 19 in Charms
 94529 | D:25     | Reached XP level 23. HP: 200/200 MP: 38/38
 95406 | D:27     | Entered Level 27 of the Dungeon
 95733 | D:27     | Reached skill level 20 in Charms
 97841 | Vaults:4 | Killed Xtahua
 98002 | Vaults:8 | Entered Level 8 of the Vaults
 98107 | Vaults:8 | Reached skill level 21 in Charms
 98713 | Vaults:8 | Reached XP level 24. HP: 177/210 MP: 39/39
 99073 | Vaults:8 | Noticed an ancient lich
 99124 | Vaults:8 | Killed an ancient lich
 99124 | Vaults:8 | Reached skill level 22 in Charms
 99438 | Vaults:8 | Got a warped glass ring
 99446 | Vaults:8 | Got a warped iron ring
 99448 | Vaults:8 | Got a fine granite ring
 99472 | Vaults:8 | Identified the ring "Foke Pram" (You found it on level 8 of the Vaults)
 99474 | Vaults:8 | Identified the ring "Shroer Exyta" (You took it off a yaktaur on level 8 of the Vaults)
 99474 | Vaults:8 | Identified the ring of Greed (You found it on level 8 of the Vaults)
 99855 | Vaults:8 | Got a silver rune of Zot
100160 | Vaults:8 | Reached skill level 23 in Charms
100540 | Vaults:8 | Noticed a golden dragon
100562 | Vaults:8 | Killed a golden dragon
100893 | Vaults:8 | Found Gruptiof's Distillery.
103289 | D:23     | Reached skill level 1 in Necromancy
103462 | Zot:1    | Entered Level 1 of the Realm of Zot
103585 | Zot:1    | Reached skill level 2 in Necromancy
103665 | Zot:1    | Reached skill level 24 in Charms
103665 | Zot:1    | Reached skill level 3 in Necromancy
103844 | Zot:1    | Reached skill level 4 in Necromancy
103973 | Zot:1    | Reached skill level 5 in Necromancy
104380 | Zot:1    | Reached skill level 6 in Necromancy
104417 | Zot:1    | Reached XP level 25. HP: 217/217 MP: 31/39
104469 | Zot:1    | Reached skill level 7 in Necromancy
104628 | Zot:1    | Reached skill level 8 in Necromancy
104786 | Zot:1    | Noticed a golden dragon
104796 | Zot:1    | Killed a golden dragon
104812 | Zot:1    | Reached skill level 9 in Necromancy
105096 | Zot:2    | Reached skill level 25 in Charms
105190 | Zot:2    | Reached skill level 10 in Necromancy
105652 | Zot:2    | Noticed an orb of fire
105701 | Zot:2    | Killed an orb of fire
106098 | Zot:3    | Reached skill level 11 in Necromancy
106291 | Zot:3    | Reached XP level 26. HP: 200/223 MP: 40/40
107058 | Zot:3    | Reached skill level 12 in Necromancy
109638 | Slime:1  | Entered Level 1 of the Pits of Slime
109695 | Slime:1  | Reached skill level 13 in Necromancy
109769 | Slime:2  | Paralysed by a giant eyeball for 4 turns
109791 | Slime:2  | Paralysed by a giant eyeball for 4 turns
109956 | Slime:3  | Paralysed by a giant eyeball for 3 turns
109969 | Slime:3  | Reached skill level 26 in Charms
110007 | Slime:3  | Paralysed by a giant eyeball for 3 turns
110013 | Slime:3  | Paralysed by a giant eyeball for 4 turns
110137 | Slime:2  | Paralysed by a giant eyeball for 4 turns
111087 | Slime:4  | Reached skill level 14 in Necromancy
111298 | Slime:4  | Paralysed by a giant eyeball for 2 turns
111613 | Slime:6  | Entered Level 6 of the Pits of Slime
111899 | Slime:5  | Paralysed by a giant eyeball for 3 turns
111920 | Slime:5  | Paralysed by a giant eyeball for 4 turns
111975 | Slime:6  | Reached XP level 27. HP: 197/232 MP: 28/40
112009 | Slime:6  | Reached skill level 15 in Necromancy
112237 | Slime:6  | Noticed the royal jelly
112259 | Slime:6  | Found a viscous altar of Jiyva.
112263 | Slime:6  | Killed the royal jelly
112506 | Slime:6  | Got a wavering pewter ring
112510 | Slime:6  | Got a slimy rune of Zot
112625 | Slime:6  | Got an ancient platinum amulet
113038 | Lair:2   | Identified the amulet of Eclinn (You found it on level 6 of the Pits of Slime)
113039 | Lair:2   | Identified the ring "Catiost" (You found it on level 6 of the Pits of Slime)
113552 | D:21     | Killed Boris
114696 | D:20     | Killed Mennas
114696 | D:20     | Reached skill level 27 in Charms
114696 | D:20     | Reached skill level 16 in Necromancy
115039 | Lair:2   | Learned a level 7 spell: Borgnjor's Revivification
115059 | Lair:2   | Learned a level 5 spell: Silence
115307 | Crypt:1  | Killed a ghoul
115323 | Crypt:1  | Killed a ghoul
116301 | Crypt:1  | Killed a ghoul
116621 | Crypt:1  | Killed a ghoul
116634 | Crypt:1  | Killed a ghoul
116705 | Crypt:2  | Reached skill level 13 in Dodging
116721 | Crypt:2  | Noticed a greater mummy
116724 | Crypt:2  | Noticed a greater mummy
116990 | Crypt:1  | Killed a greater mummy
117261 | Crypt:2  | Noticed a greater mummy
117277 | Crypt:1  | Killed a greater mummy
117277 | Crypt:1  | Reached skill level 2 in Hexes
117277 | Crypt:1  | Reached skill level 2 in Air Magic
117445 | Crypt:1  | Killed a greater mummy
117445 | Crypt:1  | Reached skill level 3 in Hexes
117445 | Crypt:1  | Reached skill level 3 in Air Magic
117953 | Crypt:1  | Reached skill level 4 in Hexes
118104 | Crypt:2  | Reached skill level 4 in Air Magic
118293 | Crypt:2  | Reached skill level 5 in Hexes
118337 | Crypt:2  | Reached skill level 5 in Air Magic
118405 | Crypt:2  | Noticed Khufu
118427 | Crypt:2  | Killed Khufu
118470 | Crypt:2  | Reached skill level 6 in Air Magic
118483 | Crypt:2  | Reached skill level 6 in Hexes
118984 | Crypt:3  | Found a staircase to the Tomb.
119269 | Crypt:4  | Reached skill level 7 in Hexes
119291 | Crypt:4  | Reached skill level 7 in Air Magic
119694 | Crypt:4  | Reached skill level 8 in Hexes
120183 | Crypt:5  | Entered Level 5 of the Crypt
120297 | Crypt:5  | Reached skill level 9 in Hexes
120582 | Crypt:5  | Reached skill level 10 in Hexes
121048 | Crypt:5  | Found a basalt altar of Yredelemnul.
121251 | Crypt:5  | Reached skill level 11 in Hexes
121435 | Crypt:5  | Got a slimy brass ring
121461 | Crypt:5  | Reached skill level 12 in Hexes
121469 | Crypt:5  | Got a droning book
121472 | Crypt:5  | Got a torn book
121473 | Crypt:5  | Identified the Papyrus of the Ancient Wars (You found it on level 5 of the Crypt)
121473 | Crypt:5  | Identified Vehumet's Grimoire of Blows and Bruises (You found it on level 5 of the Crypt)
121565 | Crypt:5  | Identified the ring of Rumopepp (You took it off a skeletal warrior on level 5 of the Crypt)
122110 | Lair:2   | Learned a level 1 spell: Apportation
122785 | Zot:5    | Entered Level 5 of the Realm of Zot
122868 | Zot:5    | Reached skill level 13 in Hexes
123221 | Zot:5    | Reached skill level 14 in Hexes
123223 | Zot:5    | Noticed an ancient lich
123243 | Zot:5    | Killed an ancient lich
123529 | Zot:5    | Noticed an orb of fire
123593 | Zot:5    | Killed an orb of fire
123698 | Zot:5    | Reached skill level 15 in Hexes
123966 | Zot:5    | Noticed a Killer Klown
123999 | Zot:5    | Killed a Killer Klown
124168 | Zot:5    | Noticed an orb of fire
124187 | Zot:5    | Reached skill level 16 in Hexes
124198 | Zot:5    | Noticed an ancient lich
124209 | Zot:5    | Killed an ancient lich
124214 | Zot:5    | Noticed an ancient lich
124228 | Zot:5    | Killed an ancient lich
124258 | Zot:5    | Killed an orb of fire
124258 | Zot:5    | Reached skill level 17 in Hexes
124381 | Zot:5    | Noticed an orb of fire
124398 | Zot:5    | Gained mutation: You tend to lose your temper in combat. [an orb of fire]
124415 | Zot:5    | Killed an orb of fire
124666 | Zot:5    | Reached skill level 18 in Hexes
124780 | Zot:4    | Lost mutation: Your vision is a little blurry. [potion of cure mutation]
124780 | Zot:4    | Lost mutation: You tend to lose your temper in combat. [potion of cure mutation]
124960 | Hell     | Entered the Vestibule of Hell
124960 | Hell     | Noticed Geryon
125016 | Hell     | Killed Geryon
125222 | Hell     | Found a gateway to the Iron City of Dis.
125274 | Hell     | Found a gateway to the ashen valley of Gehenna.
125295 | Hell     | Noticed Murray
125608 | Hell     | Killed Murray
125679 | Hell     | Found a gateway to the freezing wastes of Cocytus.
125732 | Hell     | Found a gateway to the decaying netherworld of Tartarus.
125862 | Tar:1    | Entered Level 1 of Tartarus
126201 | Tar:6    | Reached skill level 17 in Necromancy
126231 | Tar:7    | Entered Level 7 of Tartarus
126339 | Tar:7    | Noticed the Serpent of Hell
126368 | Tar:7    | Killed the Serpent of Hell
126624 | Tar:7    | Gained mutation: You tend to lose your temper in combat. [mutagenic glow]
126684 | Tar:7    | Gained mutation: You are dopey (Int -1). [mutagenic glow]
126733 | Tar:7    | Gained mutation: You are clumsy (Dex -1). [mutagenic glow]
126974 | Tar:7    | Noticed Ereshkigal
127012 | Tar:7    | HP: 44/224 [Ereshkigal/torment (42)]
127017 | Tar:7    | Killed Ereshkigal
127017 | Tar:7    | Reached skill level 18 in Necromancy
127077 | Tar:7    | Got a bone rune of Zot
128045 | Hell     | Identified a +6 rod of striking (9/9) (You found it on level 7 of Tartarus)
128069 | Dis:1    | Entered Level 1 of the Iron City of Dis
128714 | Dis:3    | Paralysed by the effects of Hell for 2 turns
129022 | Dis:6    | Reached skill level 19 in Necromancy
129042 | Dis:7    | Entered Level 7 of the Iron City of Dis
129858 | Dis:7    | Reached skill level 20 in Necromancy
130227 | Dis:7    | HP: 30/224 [reaper/runed scythe[the effects of Hell] (28)]
130361 | Dis:7    | Noticed Dispater
130385 | Dis:7    | hyperelliptic: nice anti-dispater melee
130385 | Dis:7    | yah
130385 | Dis:7    | I hate having to use holy scimitars
130398 | Dis:7    | hyperelliptic: you know what mikee_ would say
130400 | Dis:7    | Got an iron rune of Zot
130654 | Hell     | hyperelliptic: it isn't even a good shield :P
130654 | Hell     | I know
130654 | Hell     | I don't know why I'm one handed
130963 | Vaults:5 | Bought 2 potions of curing for 56 gold pieces
130963 | Vaults:5 | Bought a potion of resistance for 98 gold pieces
130963 | Vaults:5 | Bought a potion of might for 35 gold pieces
130963 | Vaults:5 | Bought a potion of heal wounds for 42 gold pieces
130963 | Vaults:5 | Bought a potion of might for 35 gold pieces
131331 | Geh:1    | Entered Level 1 of Gehenna
131460 | Geh:1    | that's a lot of guys
131501 | Geh:1    | good recolouring
131511 | Geh:1    | wtf
131656 | Geh:3    | Reached skill level 21 in Necromancy
131784 | Geh:5    | HP: 31/224 [torment (29)]
131943 | Geh:5    | HP: 44/224 [Brimstone Fiend/blast of hellfire (21)]
132161 | Geh:7    | Entered Level 7 of Gehenna
132540 | Geh:7    | Reached skill level 22 in Necromancy
132567 | Geh:7    | Identified a +7 rod of destruction [fire] (11/11) (You found it on level 7 of Gehenna)
132752 | Geh:7    | Noticed Asmodeus
132809 | Geh:7    | Killed Asmodeus
132836 | Geh:7    | Got an obsidian rune of Zot
132869 | Hell     | Gained mutation: Your vision is a little blurry. [mutagenic glow]
134139 | Zot:5    | Got the Orb of Zot
134299 | D:27     | Noticed Twaar the pandemonium lord
134468 | D:23     | Gained mutation: You occasionally shout uncontrollably. [mutagenic glow]
134696 | D:13     | Noticed Heuzav the pandemonium lord
134767 | D:8      | Gained mutation: You often lose your temper in combat. [mutagenic glow]
134856 | D:6      | Gained mutation: Your vision is quite blurry. [mutagenic glow]
134967 | D:2      | Gained mutation: Your vision is extremely blurry. [mutagenic glow]
134991 | D:2      | Gained mutation: Your body is slowly deteriorating. [mutagenic glow]
135043 | D:$      | Escaped with the Orb!
